 Dungeon Crawl Stone Soup version 0.31-a0-263-ge8cad7f256 (webtiles) character file.

Game seed: 12642369019444324236

627 Dittersdorf the Covered (level 7, -7/44 HPs)
             Began as a Gargoyle Fighter on July 13, 2023.
             Mangled by an ogre
             ... wielding a +0 giant club
              (24 damage)
             ... on level 4 of the Dungeon.
             The game lasted 00:04:14 (3503 turns).

Dittersdorf the Covered (Gargoyle Fighter)          Turns: 3503, Time: 00:04:14

Health: -7/44      AC: 13    Str: 21    XL:     7   Next: 47%
Magic:  7/7        EV:  9    Int:  9    God:
Gold:   208        SH:  4    Dex:  9    Spells: 6/6 levels left

rFire   . . .        a - +0 flail
rCold   . . .        c - +0 buckler
rNeg    + . .        b - +0 scale mail
rPois   ∞            (no helmet)
rElec   +            e - +0 cloak
rCorr   .            (no gloves)
SInv    .            (no boots)
Will    .....        (no amulet) Stlth
                     (no ring)
HPRegen 0.27/turn    (no ring)
MPRegen 0.10/turn

%: no passive effects
@: no status effects
A: sickness immunity, AC +4, negative energy resistance 1, electricity
resistance, torment resistance 1, petrification resistance
a: no special abilities


You were on level 4 of the Dungeon.
You visited 1 branch of the dungeon, and saw 4 of its levels.

You collected 208 gold pieces.

Inventory:

Hand Weapons
 a - a +0 flail (weapon)
Armour
 b - a +0 scale mail (worn)
 c - a +0 buckler (worn)
 e - a +0 cloak (worn)
 k - a +0 tower shield
Wands
 g - a wand of light (13)
Scrolls
 l - 3 scrolls of blinking
Potions
 d - a potion of might
 f - a potion of enlightenment
 h - a potion of brilliance
 j - a potion of heal wounds
 o - 2 potions of berserk rage
 p - 2 potions of curing


   Skills:
 + Level 5.3 Fighting
 + Level 4.3 Maces & Flails
 + Level 5.4 Armour
 + Level 5.3 Shields


You had 6 spell levels left.
You didn't know any spells.
Your spell library was empty.

Dungeon Overview and Level Annotations

Branches:
Dungeon (4/15)
 Temple: D:4-7

Altars:


Innate Abilities, Weirdness & Mutations

You are immune to sickness and miasma.
Your stone body is resilient. (AC +4)
You are immune to poison.
You resist negative energy. (rN+)
You are resistant to electric shocks. (rElec)
You are resistant to unholy torment.
You are immune to petrification.


Message History

No target in view!
No target in view!
No target in view!
No target in view!
No target in view!
No target in view!
No target in view!
No target in view!
No target in view!
No target in view!
No target in view!
An ogre is nearby!
You hit the ogre.
The ogre is heavily wounded.
The ogre hits you with a +0 giant club!!
Ouch! That really hurt!
You are too injured to fight recklessly!
You are too injured to fight recklessly!
You are too injured to fight recklessly!
You are too injured to fight recklessly!
You are too injured to fight recklessly!
You are too injured to fight recklessly!
You are too injured to fight recklessly!
You are too injured to fight recklessly!
You are too injured to fight recklessly!
You are too injured to fight recklessly!
You are too injured to fight recklessly!
You are too injured to fight recklessly!
You are too injured to fight recklessly!
You are too injured to fight recklessly!
You are too injured to fight recklessly!
You are too injured to fight recklessly!
You are too injured to fight recklessly!
You are too injured to fight recklessly!
You are too injured to fight recklessly!
You hit the ogre.
The ogre is almost dead.
The ogre hits you with a +0 giant club!!
Ouch! That really hurt!
You die...

... #########.... ..
####.... .. ##.><....
#. #..##.... #.
###.####... #.#######
#...# ##.## #.......#
#.### #.... #†......#
#.#####.###
#....@O.####.##....#
#.....^.†..#.##.##.#
#...............#§.#
#.......##...(....###
#.#########.........##
#. ######...... #.
#.####. .. ###.###..
########........


You could see an ogre.

Vanquished Creatures
  Sigmund (D:3)
  A steam dragon (D:3)
  A black bear (D:4)
  A jelly (D:4)
  A sleepcap (D:4)
  An orc wizard (D:4)
  A gnoll (D:1)
  7 adders
  5 dart slugs
  4 orcs
  15 ball pythons
  2 bats (D:1)
  6 endoplasms
  6 giant cockroaches
  6 goblins
  4 hobgoblins
  2 jackals (D:1)
  2 quokkas
  3 frilled lizards
  6 kobolds
  5 rats
80 creatures vanquished.

Notes
Turn   | Place    | Note
-------+----------+-------------------------------------------
     0 | D:1      | Dittersdorf the Gargoyle Fighter began the quest for the
                  | Orb.
     0 | D:1      | Reached XP level 1. HP: 14/14 MP: 1/1
   100 | D:1      | Reached XP level 2. HP: 16/19 MP: 2/2
   197 | D:1      | Reached XP level 3. HP: 23/23 MP: 3/3
  1036 | D:2      | Reached XP level 4. HP: 29/29 MP: 4/4
  1208 | D:2      | Identified the +4 spear of Duguel {flame, +Blink}
  1496 | D:3      | Found a faded altar of an unknown god.
  1947 | D:3      | Noticed Sigmund
  1962 | D:3      | Killed Sigmund
  1963 | D:3      | Reached XP level 5. HP: 9/34 MP: 5/5
  1963 | D:3      | Reached XP level 6. HP: 11/39 MP: 6/6
  3020 | D:4      | Noticed a steam dragon
  3048 | D:3      | Killed a steam dragon
  3049 | D:3      | Reached skill level 5 in Fighting
  3049 | D:3      | Reached skill level 5 in Armour
  3049 | D:3      | Reached skill level 5 in Shields
  3049 | D:3      | Reached XP level 7. HP: 41/44 MP: 7/7
  3503 | D:4      | Mangled by an ogre

Illustrated notes

Levels and vault maps discovered:
D:1:      roderic_octagonal_star, layout_basic
D:2:      layout_rooms
D:3:      wad_woods_pond, layout_loops_cross, ebering_ecumenical_altar_rust,
          minmay_snake_closets, uniq_sigmund
D:4:      layout_rooms

Skill      XL: |  1  2  3  4  5  6 |
---------------+-------------------+-----
Fighting       | 4 5 |  5.3
Armour         | 4 5 |  5.4
Shields        | 4 5 |  5.3
Maces & Flails | 3 4 |  4.3

Action                     |  1- 3 |  4- 6 |  7- 9 || total
---------------------------+-------+-------+-------++-------
  Melee: Flail             |   117 |   179 |    57 ||   353
    Use: Scroll            |       |    10 |       ||    10
 Armour: Scale mail        |    52 |   111 |    62 ||   225
  Dodge: Dodged            |    64 |    84 |    46 ||   194
  Block: Buckler           |    26 |    52 |    25 ||   103

Table legend: (Time is in decaauts)
 A = Elapsed time spent in this place.
 B = Non-inter-level travel time spent in this place.
 C = Inter-level travel time spent in this place.
 D = Time resting spent in this place.
 E = Time spent auto-exploring this place.
 F = Levels seen in this place.
 G = Mean time per level.
                   A        B        C        D        E       F      G
               +--------+--------+--------+--------+--------+-----+--------+
         Total |   3620 |   3393 |    227 |    164 |   2416 |   4 |  905.0 |
       Dungeon |   3620 |   3393 |    227 |    164 |   2416 |   4 |  905.0 |
               +--------+--------+--------+--------+--------+-----+--------+

Top non-repeatable levels by time:
     D:3: 1472 daAuts
     D:1: 1002 daAuts
     D:4: 592 daAuts
     D:2: 553 daAuts
